 Dungeon Crawl Stone Soup version 0.24.0-13-gcf9b3192b9 (console) character file.

Game seed: 15813416611706211078, levelgen mode: deterministic

46 AlterAsc the Changer (level 3, 0/28 HPs)
             Began as a Draconian Transmuter on Nov 7, 2019.
             Succumbed to an adder's poison
             ... on level 2 of the Dungeon.
             The game lasted 00:02:57 (1088 turns).

AlterAsc the Changer (Draconian Transmuter)         Turns: 1088, Time: 00:02:58

Health: 0/28       AC:  5    Str: 18    XL:     3   Next: 44%
Magic:  5/6        EV: 12    Int: 18    God:
Gold:   88         SH:  0    Dex: 11    Spells: 4/7 levels left

rFire    . . .     SeeInvis .     - Unarmed
rCold    . . .     Gourm    .   (no shield)
rNeg     . . .     Faith    .   (armour unavailable)
rPois    .         Spirit   .   (helmet restricted)
rElec    .         Reflect  .   (no cloak)
rCorr    .         Harm     .   (no gloves)
MR       .....                  (no boots)
Stlth    +.........             (no amulet)
HPRegen  0.09/turn              (no ring)
MPRegen  0.10/turn              (no ring)

@: mighty, brilliant, lethally poisoned (0 -> -2)
A: unfitting armour, cold-blooded, AC +5
a: no special abilities


You were on level 2 of the Dungeon.
You were not hungry.

You visited 1 branch of the dungeon, and saw 2 of its levels.

You collected 88 gold pieces.

Inventory:

Hand Weapons
 d - a +2 vampiric dagger
Missiles
 a - 43 arrows
Scrolls
 b - a scroll of blinking {unknown}
 e - 2 scrolls of remove curse {unknown}
 f - a scroll of identify {unknown}
 h - 2 scrolls of enchant armour {unknown}
 j - a scroll of amnesia {unknown}
Comestibles
 c - 5 rations
 i - 7 chunks of flesh


   Skills:
 - Level 1.1 Fighting
 - Level 1.8 Dodging
 - Level 3.0 Unarmed Combat
 + Level 2.5 Spellcasting
 * Level 3.3 Transmutations


You had 4 spell levels left.
You knew the following spells:

 Your Spells              Type           Power        Failure   Level  Hunger
a - Beastly Appendage     Tmut           ####..       1%          1    #......
b - Sticks to Snakes      Tmut           ####....     1%          2    ##.....

Your spell library contained the following spells:

 Spells                   Type           Power        Failure   Level  Hunger
 Spider Form              Tmut/Pois      ###.......   3%          3    ###....
 Ice Form                 Ice/Tmut       ###.....     10%         4    #####..
 Blade Hands              Tmut           ####......   13%         5    ######.


Dungeon Overview and Level Annotations

Branches:
Dungeon (2/15)

Altars:


Innate Abilities, Weirdness & Mutations

Your plain brown scales are hard. (AC +5)
You cannot fit into any form of body armour.
You are cold-blooded and may be slowed by cold attacks.


Message History

The adder bites you but does no damage.
You feel sick.
It was a potion of might.
You feel very mighty all of a sudden. The adder bites you.
* * * LOW HITPOINT WARNING * * *
It was a potion of brilliance.
You feel clever all of a sudden. The adder completely misses you.
The frilled lizard bites you but does no damage.
You aren't carrying any potions.
You closely miss the adder.
The adder is heavily wounded.
The adder bites you.
* * * LOW HITPOINT WARNING * * *
The frilled lizard unfolds its giant frill.
The frilled lizard barely misses you. The adder barely misses you.
You miss the adder. You tail-slap the adder.
You kill the adder!
You die...

.# #.....##.................
.######..####..........######..
.#.......####..........# ..
...##.....)............####....
..#####..####...............#
### ##.##.............#####
########............).###
..............#..l...##
................@†....#####
............#.######......#
.....########.# #.####... ...
.....# #.######l...# # ...
..... #.........#.# .... .....
###.........###..... ..####
#.######....#..... .....## #
##.#...# ..##.. #...###


You could see a frilled lizard.

Vanquished Creatures
  An adder (D:2)
  An ooze (D:2)
  A ball python (D:1)
  2 bats (D:2)
  5 goblins
  4 hobgoblins
  4 jackals (D:2)
  4 frilled lizards (D:1)
  4 kobolds
  5 rats
31 creatures vanquished.

Notes
Turn   | Place    | Note
-------+----------+-------------------------------------------
     0 | D:1      | AlterAsc the Draconian Transmuter began the quest for the
                  | Orb.
     0 | D:1      | Reached XP level 1. HP: 16/16 MP: 3/3
   130 | D:1      | Reached XP level 2. HP: 15/23 MP: 5/5
   135 | D:1      | Learned a level 2 spell: Sticks to Snakes
   903 | D:2      | Reached XP level 3. HP: 25/28 MP: 6/6
  1087 | D:2      | HP: 1/28 [adder (2)]
  1088 | D:2      | Succumbed to an adder's poison

Levels and vault maps discovered:
D:1:      minmay_arrival_shoal_huts, layout_basic, moated_statue
D:2:      layout_rooms, lemuel_round_altar, minmay_tiny_reverse_x

Skill      XL: |  1  2 |
---------------+-------+-----
Transmutations | 3 |  3.3
Fighting       | |  1.1
Dodging        | |  1.8
Unarmed Combat | |  3.0
Spellcasting   | |  2.5

Action                   || total
-------------------------++-------
Melee: Unarmed           ||    88
       Tailslap          ||     8
       Headbutt          ||     7
       Kick              ||     3
 Cast: Beastly Appendage ||    17
       Sticks to Snakes  ||     1
  Use: Potion            ||     2
 Stab: Sleeping          ||     1
  Eat: Chunk             ||     1
Armor: Skin              ||    25
Dodge: Dodged            ||    52
